 Dungeon Crawl Stone Soup version 0.22.1-1-ga44c0e5 (webtiles) character file.

308 Fang the Chopper (level 6, 0/58 HPs)
             Began as a Gargoyle Berserker on Sept 26, 2018.
             Was a Believer of Trog.
             Slain by Grinder (1 damage)
             ... while paralysed by Grinder
             ... on level 4 of the Dungeon.
             The game lasted 00:08:23 (2499 turns).

Fang the Chopper (Gargoyle Berserker)               Turns: 2499, Time: 00:08:24

Health: 0/58       AC:  9    Str: 28    XL:     6   Next: 40%
Magic:  0/6        EV:  2    Int:  7    God:    Trog [**....]
Gold:   110        SH:  0    Dex:  9    Spells: 5/5 levels left

rFire    . . .     SeeInvis .   a - +1 hand axe
rCold    . . .     Gourm    .   (no shield)
rNeg     + . .     Faith    .   b - +1 animal skin
rPois    ∞         Spirit   +   g - +2 hat
rElec    +         Reflect  .   h - scarf {Spirit}
rCorr    .         Harm     .   (no gloves)
MR       .....                  (no boots)
Stlth    ..........             (no amulet)
HPRegen  0.19/turn              (no ring)
MPRegen  0.10/turn              (no ring)

@: paralysed, berserking (expiring)
A: negative energy resistance 1, electricity resistance, unbreathing,
petrification resistance, rot immunity, AC +4
a: Berserk, Trog's Hand, Renounce Religion


You were on level 4 of the Dungeon.
You worshipped Trog.
Trog was pleased with you.
You were not hungry.

You visited 1 branch of the dungeon, and saw 4 of its levels.

You collected 110 gold pieces.

Inventory:

Hand Weapons
 a - a +1 hand axe (weapon)
Armour
 b - a +1 animal skin (worn)
 g - a +2 hat (worn)
 h - a scarf of spirit shield (worn)
Scrolls
 e - a scroll of remove curse
 i - 3 scrolls of identify
 p - 2 scrolls of amnesia {unknown}
 q - a scroll of teleportation {unknown}
Potions
 f - a potion of mutation
 k - 2 potions of ambrosia {unknown}
 l - a potion of curing {unknown}
 m - a potion of magic {unknown}
Comestibles
 c - 8 rations


   Skills:
 + Level 4.4 Fighting
 + Level 5.0 Axes
 + Level 2.4 Armour
 + Level 2.5 Dodging
 + Level 1.6 Stealth


You had 5 spell levels left.
You didn't know any spells.
Your spell library was empty.

Dungeon Overview and Level Annotations

Branches:
Dungeon (4/15)
 Temple: D:4-7

Altars:
Makhleb
Sif Muna
Trog

Annotations:
D:4 Grinder


Innate Abilities, Weirdness & Mutations

You are resistant to torment.
Your stone body is resilient. (AC +4)
You are immune to poison.
You resist negative energy. (rN+)
You are resistant to electric shocks. (rElec)
You can survive without breathing.
You are immune to petrification.
You are immune to rotting.


Message History

The orc hits you from afar with a trident.
Grinder misses you.
The orc wizard hits you but does no damage.
Unknown command.
You closely miss Grinder.
Grinder is almost dead.
You closely miss the orc wizard. The orc wizard misses you.
Grinder says, "There's only one good use for a tongue: cutting it out."
Grinder gestures at you.
You suddenly lose the ability to move!
The orc hits you from afar with a trident.
* * * LOW HITPOINT WARNING * * *
The orc wizard hits you but does no damage.
Grinder gestures at you. Pain shoots through your body!
* * * LOW HITPOINT WARNING * * *
The orc hits you but does no damage.
The orc wizard hits you but does no damage. x2
Grinder hits you.
You die...

* *#..#* ***,* *** #..#
*#.,,* ,,* ##..* *##..*,*
*,** #...*####..(**,*
*,,* #..###....#**,,*
**,#######..##.....##*,**
,,,................!#*,*
*,,.................#*,*
**##.###.#.....)@o..#,,*
* #..* #....##.)5?.##,**
* #.####.........o.#*,*
###......####.......#,*
.##..##### #.......#,*
.##..# #.......#,* ....##
##...$.##,* ....#
##....#*,* ..###
****,**,*


You could see Grinder, an orc wizard and an orc.

Vanquished Creatures
  An orc priest (D:4)
  Crazy Yiuf (D:2)
  Jessica (D:2)
  11 gnolls
  5 adders
  An ooze (D:3)
  3 worms (D:2)
  2 leopard geckos (D:2)
  2 orcs (D:4)
  4 giant cockroaches
  6 hobgoblins
  2 jackals (D:3)
  A ball python (D:3)
  6 bats
  3 frilled lizards
  8 goblins
  3 kobolds
  10 rats
70 creatures vanquished.

Notes
Turn   | Place    | Note
-------+----------+-------------------------------------------
     0 | D:1      | Fang the Gargoyle Berserker began the quest for the Orb.
     0 | D:1      | Reached XP level 1. HP: 14/14 MP: 1/1
   135 | D:1      | Reached XP level 2. HP: 19/19 MP: 2/2
   140 | D:1      | Reached skill level 3 in Axes
   499 | D:2      | Noticed Jessica
   501 | D:2      | Reached XP level 3. HP: 20/23 MP: 3/3
   508 | D:2      | Killed Jessica
   508 | D:2      | Reached ** piety under Trog
   510 | D:2      | Reached XP level 4. HP: 29/29 MP: 2/4
   522 | D:2      | Reached skill level 1 in Stealth
   771 | D:2      | Found a runed door.
   808 | D:2      | Reached skill level 4 in Axes
  1097 | D:2      | Reached XP level 5. HP: 23/33 MP: 3/5
  1144 | D:2      | Found a burning altar of Makhleb.
  1481 | D:2      | Noticed Crazy Yiuf
  1486 | D:2      | Killed Crazy Yiuf
  1589 | D:3      | Found a bloodstained altar of Trog.
  1639 | D:3      | HP: 2/49 [gnoll/whip (3)]
  1866 | D:3      | Reached XP level 6. HP: 32/38 MP: 6/6
  2201 | D:3      | Found a deep blue altar of Sif Muna.
  2476 | D:4      | Noticed Grinder
  2482 | D:4      | Reached skill level 5 in Axes
  2497 | D:4      | Paralysed by Grinder for 7 turns
  2497 | D:4      | HP: 2/58 [orc/trident (2)]
  2499 | D:4      | Slain by Grinder

Skill      XL: |  1  2  3  4  5  6 |
---------------+-------------------+-----
Axes           | 3 4 5 |  5.0
Stealth        | 1 |  1.6
Dodging        | 2 |  2.5
Fighting       | 4 |  4.4
Armour         | |  2.4

Action                   |  1- 3 |  4- 6 || total
-------------------------+-------+-------++-------
Melee: Hand axe          |    67 |   160 ||   227
Invok: Berserk           |     1 |     4 ||     5
  Use: Scroll            |       |     6 ||     6
 Stab: Sleeping          |       |     1 ||     1
  Eat: Chunk             |       |     7 ||     7
       Ration            |       |     1 ||     1
Armor: Animal skin       |    35 |    64 ||    99
Dodge: Dodged            |    53 |   112 ||   165
